Map: Thunderbird LE

Players

lIlIlIlIlIlI

  • Race: Zerg Zerg
  • Spawn Location: 5:00

lIlIlIlIlIlI - Winner!

  • Race: Terran Terran
  • League: Grandmaster
  • Spawn Location: 11:00

VOD

Have the link to the VOD?

Description

A 16 marine drop opener into Standard Bio Mine.

Time

  • Played on: June 15, 2019, 9:18 a.m.
  • Length: 10:32
Show
View Real Time Build Order
Export as new Build Order

lIlIlIlIlIlI Zerg 

Build Orders: Hatch First 

Get SALT Encoding   

  12  0:00  Drone  
  13  0:13  Overlord  
  13  0:17  Drone  
  14  0:31  Drone x2  
  16  0:48  Hatchery  
  15  0:51  Drone  
  15  0:54  Drone  
  17  0:57  Drone  
  18  1:08  Extractor  
  17  1:14  Spawning Pool  
  17  1:16  Drone  
  17  1:19  Drone  
  18  1:28  Drone  
  19  1:39  Drone  
  20  1:51  Drone  
  21  2:00  Queen x2  
  25  2:02  Zergling x4  
  27  2:12  Drone  
  28  2:18  Hatchery  
  28  2:20  Overlord  
  27  2:23  Drone  
  28  2:39  Queen  
  28  2:40  Drone x3  
  28  2:43  Metabolic Boost  
  32  2:47  Drone  
  33  2:54  Overlord  
  33  2:57  Drone x2  
  35  3:13  Drone x3  
  35  3:16  Queen, Drone x3  
  43  3:23  Overlord  
  43  3:32  Queen, Drone x3  
  49  3:41  Zergling x4  
  49  3:46  Lair  
  49  3:47  Drone x3  
  53  3:50  Drone  
  53  3:51  Extractor, Drone x2  
  55  3:56  Queen  
  55  3:59  Overlord  
  57  4:03  Overlord  
  57  4:12  Overlord  
  57  4:14  Baneling Nest  
  57  4:16  Drone  
  57  4:17  Drone x4  
  57  4:18  Drone  
  57  4:21  Drone  
  63  4:25  Drone  
  63  4:31  Drone x6  
  70  4:33  Queen  
  72  4:42  Drone  
  72  4:44  Zergling x10  
  78  4:46  Overlord  
  78  4:51  Zergling x6  
  81  5:02  Zergling x2  
  81  5:04  Centrifical Hooks  
  81  5:06  Overlord  
  82  5:08  Zergling x16  
  90  5:24  Overlord  
  90  5:25  Hatchery  
  90  5:27  Evolution Chamber x2  
  87  5:33  Zergling x12  
  93  5:35  Baneling x7  
  93  5:36  Baneling x3  
  93  5:43  Drone x9  
  93  5:44  Extractor  
  93  5:45  Extractor, Drone  
  93  5:46  Extractor, Drone  
  93  5:48  Drone  
  101  5:58  Overlord  
  101  5:59  Drone x2  
  101  6:05  Zerg Melee Weapons Level 1  
  101  6:06  Drone  
  101  6:11  Zerg Ground Armor Level 1  
  102  6:12  Drone  
  102  6:16  Drone  
  104  6:22  Zergling x14  
  111  6:26  Hatchery  
  111  6:30  Zergling x4  
  111  6:33  Overlord  
  110  6:43  Zergling x20  
  118  6:48  Overlord, Hydralisk Den  
  118  6:49  Drone x2  
  118  6:52  Infestation Pit  
  118  6:54  Drone  
  120  7:01  Drone  
  120  7:02  Drone x2  
  120  7:03  Hatchery  
  121  7:08  Drone  
  117  7:16  Drone x11  
  117  7:20  Overlord  
  127  7:28  Zergling x6  
  127  7:29  Baneling x10  
  129  7:32  Hive  
  129  7:33  Zergling x10  
  129  7:36  Zergling x2  
  135  7:40  Zergling x18  
  135  7:42  Overlord  
  135  7:43  Overlord  
  144  7:45  Overlord  
  144  7:55  Zergling x2  
  144  7:56  Zergling x8  
  149  8:00  Hatchery  
  149  8:02  Baneling x7  
  149  8:03  Baneling  
  148  8:06  Zergling x22  
  148  8:11  Overlord  
  156  8:24  Zergling x18  
  165  8:33  Overlord  
  158  8:36  Overseer x2  
  158  8:39  Baneling x2  
  158  8:40  Baneling x15  
  158  8:43  Zergling x28  
  170  8:53  Zergling x12  
  170  8:54  Zergling x4  
  178  9:04  Ultralisk Cavern  
  173  9:13  Drone x3  
  173  9:15  Zergling x6  
  173  9:16  Zergling x18  
  166  9:25  Zergling x10  
  166  9:31  Zergling x6  
  136  9:35  Zergling x20  
  133  9:39  Pneumatized Carapace  
  133  9:41  Drone x4  
  133  9:43  Queen  
  133  9:45  Drone x2  
  138  9:50  Drone  
  138  9:51  Drone  
  138  10:01  Spire  
  138  10:04  Baneling x11  
  135  10:09  Hatchery  
  135  10:12  Zergling x18  
  135  10:13  Baneling x6  
  135  10:14  Baneling  
Show
View Real Time Build Order
Export as new Build Order

lIlIlIlIlIlI Terran - Winner!

Build Orders: Reaper Expand 

Get SALT Encoding   

  12  0:00  SCV  
  13  0:13  SCV  
  14  0:17  Supply Depot  
  14  0:25  SCV  
  15  0:38  SCV  
  15  0:40  Barracks  
  16  0:42  Refinery  
  16  0:50  SCV  
  17  1:02  SCV  
  18  1:15  SCV  
  19  1:27  Reaper, Orbital Command  
  20  1:39  Command Center  
  20  1:48  Supply Depot  
  20  1:53  SCV  
  21  1:59  Marine  
  22  2:05  SCV  
  23  2:17  SCV  
  23  2:19  Barracks Reactor  
  23  2:22  Command Center  
  24  2:29  SCV  
  25  2:33  Barracks  
  25  2:41  SCV  
  26  2:51  Orbital Command  
  26  2:53  SCV  
  26  2:55  Marine  
  26  2:56  Marine  
  29  3:03  Factory  
  29  3:05  SCV  
  29  3:07  Refinery  
  30  3:13  Marine x2  
  30  3:17  SCV  
  30  3:18  SCV  
  34  3:22  Barracks Tech Lab  
  34  3:30  SCV x2  
  34  3:31  Marine x2  
  38  3:38  Orbital Command  
  38  3:40  Marine, Stimpack  
  39  3:42  SCV  
  39  3:43  SCV  
  41  3:53  Marine x2  
  41  3:54  SCV  
  41  3:55  SCV  
  45  3:58  Factory Reactor  
  45  4:00  Marine, Starport  
  46  4:03  SCV  
  46  4:06  SCV  
  46  4:07  SCV  
  49  4:10  Supply Depot  
  49  4:11  Marine  
  49  4:12  Marine  
  49  4:15  SCV  
  52  4:18  SCV  
  52  4:19  SCV  
  54  4:25  Marine, Refinery  
  54  4:26  Refinery  
  54  4:27  SCV  
  54  4:29  Marine  
  54  4:30  SCV, Marine  
  54  4:31  SCV  
  60  4:33  Supply Depot  
  60  4:38  Engineering Bay  
  60  4:40  SCV, Engineering Bay  
  60  4:45  Barracks  
  61  4:46  SCV x2  
  61  4:50  Medivac x2  
  67  4:53  Supply Depot  
  67  4:54  Factory Reactor  
  67  4:55  Orbital Command  
  67  4:58  SCV x2  
  67  4:59  Marine  
  69  5:00  Marine x2  
  69  5:06  Terran Infantry Weapons Level 1  
  71  5:10  SCV x2, Terran Infantry Armor Level 1  
  73  5:15  Supply Depot  
  73  5:17  Marine x2  
  73  5:18  Marine  
  76  5:21  Supply Depot, SCV  
  76  5:22  SCV x2  
  79  5:33  SCV  
  79  5:34  SCV  
  79  5:35  Marine x3  
  81  5:37  Barracks  
  81  5:38  Barracks, Factory Reactor  
  81  5:41  SCV  
  85  5:45  SCV, Marine x2  
  85  5:46  SCV  
  85  5:48  Combat Shield  
  89  5:53  SCV, Marine x3  
  89  5:55  Medivac x2  
  97  5:58  SCV x2  
  97  6:02  Marine  
  97  6:03  Marine  
  101  6:06  Supply Depot  
  101  6:12  Supply Depot  
  101  6:13  Supply Depot  
  101  6:14  Marine, Armory, SCV  
  101  6:16  SCV, Widow Mine x2  
  101  6:17  SCV  
  109  6:26  Barracks Reactor x2  
  109  6:28  SCV, Marine x4  
  109  6:32  SCV, Marine  
  116  6:33  SCV  
  116  6:36  Medivac x2  
  119  6:45  Marine x4  
  121  6:48  Widow Mine x2  
  121  6:50  Marine  
  120  6:55  Barracks  
  120  6:56  Barracks  
  120  6:57  Barracks  
  120  7:02  Terran Infantry Weapons Level 2  
  120  7:03  Marine x4  
  120  7:04  Marine x2  
  120  7:07  Marine  
  120  7:08  Refinery  
  127  7:09  Supply Depot  
  127  7:10  Marine x2  
  129  7:18  Widow Mine x2  
  129  7:20  Supply Depot  
  129  7:22  Terran Infantry Armor Level 2  
  133  7:24  Terran Vehicle And Ship Armor Level 1  
  133  7:29  Supply Depot  
  133  7:31  Marine x2, Medivac, Marauder  
  133  7:33  Marine x2  
  141  7:41  Missile Turret, Marine x4  
  145  7:48  Missile Turret  
  145  7:51  Command Center  
  145  7:53  Medivac, Marauder  
  145  7:54  Barracks Tech Lab x3  
  145  7:56  Marine x2  
  145  7:57  Marine  
  145  7:58  Marine  
  153  7:59  Marine  
  153  8:00  Marine  
  153  8:01  Medivac  
  157  8:12  Supply Depot, Concussive Shells  
  157  8:13  Supply Depot  
  157  8:14  Supply Depot  
  157  8:24  Marine x3, Marauder x2  
  157  8:25  Marine  
  165  8:30  Sensor Tower, Marine  
  165  8:31  Marine x3  
  164  8:34  Marauder x2  
  164  8:36  Supply Depot  
  164  8:38  Supply Depot  
  168  8:42  Marine  
  168  8:43  Marine  
  168  8:44  Marine  
  168  8:46  Marine, Marauder x2  
  168  8:47  Marine  
  175  8:49  Marine x2  
  175  8:50  Marine  
  175  8:55  Marine  
  177  8:56  Marauder  
  177  8:59  Marine  
  177  9:00  Medivac x2, Widow Mine x2  
  177  9:01  Marine x2  
  191  9:03  Marine  
  191  9:05  Marine  
  191  9:06  Marine  
  191  9:07  Marauder  
  191  9:08  SCV x2  
  197  9:10  SCV  
  197  9:14  Marine x2  
  200  9:21  Marine x2  
  200  9:23  Marine x5  
  194  9:25  Marauder  
  194  9:29  Marine x2  
  178  9:32  Marine x2  
  172  9:39  Planetary Fortress, Marine x2  
  172  9:40  SCV x2  
  172  9:41  SCV, Marine  
  172  9:42  Marauder x2  
  178  9:46  Marine x2  
  178  9:47  Marauder  
  178  9:49  Marine  
  182  9:54  Marine x2  
  182  9:56  Widow Mine x2  
  188  10:01  Marauder  
  188  10:03  Marauder  
Tags
 
Add a new tag
Caveats
  • Supply blocks, unpowered buildings, or Contaminate may cause inaccurate times.
  • Supply counts are checked every 10 seconds.